 Dungeon Crawl Stone Soup version 0.30-a0-354-g6b83867211 (webtiles) character file.

Game seed: 16154830777990684380

88823 porpoise the Spear-Bearer (level 15, 0/180 HPs)
             Began as a Demonspawn Gladiator on Nov 7, 2022.
             Was a Follower of Yredelemnul.
             Slain by a salamander
             ... wielding a +0 spear
              (2 damage)
             ... on level 2 of the Snake Pit on Nov 8, 2022.
             The game lasted 02:06:58 (27269 turns).

porpoise the Spear-Bearer (Demonspawn Gladiator)   Turns: 27269, Time: 02:06:58

Health: 0/180      AC: 13    Str: 20    XL:     15   Next: 47%
Magic:  24/24      EV: 17    Int: 10    God:    Yredelemnul [*.....]
Gold:   933        SH: 12    Dex: 18    Spells: 11/14 levels left

rFire   . . .      SeeInvis .    a - +3 trident (vorpal)
rCold   . . .      Faith    .    R - +0 buckler
rNeg    . . .      Spirit   .    q - +0 scale mail
rPois   +          Reflect  .    (helmet restricted)
rElec   .          Harm     .    Q - +1 cloak {rPois}
rCorr   .          Rampage  .    w - +1 pair of gloves
Will    +....                    V - +0 pair of boots
Stlth   ..........               A - amulet of the acrobat
HPRegen 0.50/turn                v - ring "Yrhe" {EV+4 Str+2}
MPRegen 0.19/turn                O - +4 ring of slaying

@: mighty, berserking, very quick
A: antennae 1, large bone plates 2, demonic guardian 2, powered by pain 1
a: Renounce Religion, Recall Undead Harvest


You were on level 2 of the Snake Pit.
You worshipped Yredelemnul.
Yredelemnul was pleased with you.
You visited 4 branches of the dungeon, and saw 23 of its levels.
You also visited: Volcano.

You collected 1420 gold pieces.
You spent 487 gold pieces at shops.

Inventory:

Hand Weapons
 a - a +3 vorpal trident (weapon)
 b - the +7 Spriggan's Knife {stab, EV+4 Stlth+}
   (You found it on level 5 of the Lair of Beasts)

   It is more effective when stabbing unaware enemies, sometimes treating them
   as though they were completely helpless.
   EV:        It affects your evasion (+4).
   Stlth:     It makes you more stealthy.
Missiles
 F - 8 curare-tipped darts (quivered)
Armour
 q - a +0 scale mail (worn)
 w - a +1 pair of gloves (worn)
 Q - a +1 cloak of poison resistance (worn)
 R - a +0 buckler (worn)
 V - a +0 pair of boots (worn)
Jewellery
 d - a ring of poison resistance
 k - a ring of ice
 o - a ring of protection from fire
 v - the ring "Yrhe" (left hand) {EV+4 Str+2}
   (You acquired it on level 9 of the Dungeon)

   [ring of evasion]

   EV:        It affects your evasion (+4).
   Str:       It affects your strength (+2).
 A - an amulet of the acrobat (around neck)
 O - a +4 ring of slaying (right hand)
Wands
 l - a wand of paralysis (6)
 B - a wand of polymorph (15)
 D - a wand of flame (8)
 L - a wand of digging (19)
 S - a wand of roots (15)
 Y - a wand of acid (5)
Scrolls
 f - a scroll of enchant weapon
 g - 3 scrolls of poison
 i - 7 scrolls of blinking
 j - a scroll of amnesia
 m - a scroll of silence
 n - 4 scrolls of magic mapping
 r - 2 scrolls of summoning
 u - a scroll of fear
 E - 2 scrolls of fog
 H - 2 scrolls of vulnerability
 J - 13 scrolls of teleportation
Potions
 c - 3 potions of resistance
 e - a potion of ambrosia
 h - 5 potions of attraction
 p - 6 potions of heal wounds
 s - 8 potions of curing
 t - a potion of might
 x - 7 potions of lignification
 K - 9 potions of invisibility
 U - a potion of cancellation
 W - a potion of haste


   Skills:
 - Level 12.0 Fighting
 + Level 9.0(9.4) Short Blades
 - Level 4.0(7.0) Long Blades
 - Level 14.0 Polearms
 - Level 1.7 Throwing
 - Level 7.0 Armour
 + Level 6.1 Dodging
 - Level 9.1 Stealth
 + Level 6.2 Shields
 - Level 12.0 Invocations
 - Level 5.0 Evocations


You had 11 spell levels left.
You knew the following spells:

 Your Spells              Type           Power      Damage    Failure   Level
v - Vhi's Electric Charg  Tloc/Air       0%         N/A       98%         3

Your spell library contained the following spells:

 Spells                   Type           Power      Damage    Failure   Level
 Kiss of Death            Conj/Necr      0%         2d5       77%         1
 Shock                    Conj/Air       0%         1d3       77%         1
 Confusing Touch          Hex            0%         N/A       98%         3
 Gell's Gravitas          Tloc           0%         N/A       98%         3
 Hailstorm                Conj/Ice       0%         3d3       98%         3
 Ozocubu's Armour         Ice            0%         N/A       98%         3
 Swiftness                Air            0%         N/A       98%         3
 Teleport Other           Tloc           0%         N/A       98%         3
 Tukima's Dance           Hex            0%         N/A       98%         3
 Airstrike                Air            0%         2d(0-16)  100%        4
 Dispel Undead            Necr           0%         3d6       100%        4
 Ice Form                 Ice/Tmut       0%         N/A       100%        4
 Passage of Golubria      Tloc           0%         N/A       100%        4
 Arcjolt                  Conj/Air       0%         1d10      100%        5
 Metabolic Englaciation   Hex/Ice        0%         N/A       100%        5
 Yara's Violent Unravell  Hex/Tmut       0%         3d3       100%        5
 Dispersal                Tloc           0%         N/A       100%        6
 Enfeeble                 Hex            0%         N/A       100%        7
 Maxwell's Capacitive Co  Air            0%         ∞         100%        8
 Simulacrum               Ice/Necr       Unusable   N/A       N/A         6

Dungeon Overview and Level Annotations

Branches:
Dungeon (15/15)            Temple (1/1) D:7            Lair (5/5) D:8
 Shoals (0/4) Lair:2        Snake (2/4) Lair:3        Slime (0/5) Lair:4
    Orc (0/2) D:9          Vaults (0/5) D:14         Depths (0/4) D:15
Volcano (visited)

Altars:
Ashenzari
Cheibriados
Dithmenos
Fedhas
Gozag
Hepliaklqana
Kikubaaqudgha
Makhleb
Nemelex Xobeh
Okawaru
Qazlal
Ru
Sif Muna
Trog
Uskayaw
Vehumet
Wu Jian
Xom
Yredelemnul
Jiyva

Shops:
D:9 *   D:12 ?   Snake:1 ::=   Snake:2 ?

Annotations:
D:8 3 exclusions
D:11 2 transporters, sirJeffrey23's ghost, journeyman FoFi


Innate Abilities, Weirdness & Mutations

You have a pair of small antennae on your head.
You are mostly covered in large bone plates. (SH +6)
A demonic guardian rushes to your aid.
You sometimes gain a little power by taking damage.


Message History

The naga mage casts a spell at you. The bolt of poison misses you.
Your bound ugly thing hits the naga mage.
The naga warrior blocks your attack. The naga warrior blocks your attack.
Your black mamba zombie bites the naga mage!
You block the salamander's attack.
The naga warrior hits you with a +0 scimitar!
* * * LOW HITPOINT WARNING * * *
The naga warrior hits you with a +0 battleaxe!!
* * * LOW HITPOINT WARNING * * *
You focus on the pain.
You feel very mighty all of a sudden. The naga warrior constricts you.
* * * LOW HITPOINT WARNING * * *
You are too berserk!
You impale the naga mage!!
Your bound ugly thing is freed.
The naga mage's soul is now yours.
You can no longer trade souls for undead servants.
You escape the naga warrior's grasp.
You swap places.
The salamander completely misses you.
The naga warrior hits your bound naga mage with a +0 scimitar!
Things that are here:
a +0 long sword; a +0 robe Reach: a) +3 trident (vorpal)
Press: ? - help, Dir - move target, f - salamander, p - bound naga mage
Aim: a salamander, wielding a +0 spear (strong, about 18% to evade your +3 vorpal trident)
You reach to attack!
You hit the salamander.
The salamander is lightly wounded.
The naga warrior hits your bound naga mage with a +0 battleaxe!!
Reach: a) +3 trident (vorpal)
Press: ? - help, Dir - move target, f/p - salamander
Aim: a salamander, wielding a +0 spear (lightly wounded, strong, ally target, about 18% to evade your +3 vorpal trident)
You reach to attack!
You impale the salamander!!
The salamander is heavily wounded.
The salamander no longer looks unusually strong.
The salamander hits you from afar with a +0 spear.
You die...
Your body rises from the dead as a mindless zombie.

#########################
.........................
...........).............
.............)...).......
.............)..@........
.............(.ZZ.N......
#####....##....NN.##....
#####.....########## ...
..........# ..
..........# . .....######
....#### .........


You could see 2 naga warriors, a salamander (ally target), a friendly bound naga
mage and a friendly black mamba zombie.

Vanquished Creatures
  Gastronok (Lair:3)
  Fannar (Lair:1)
  Erica (D:10)
  3 centaur warriors
  2 hydras
  9 death yaks (Lair:5)
  A boulder beetle (Lair:4)
  An anaconda (Snake:1)
  A dancing weapon (D:14)
  A deep troll shaman (Lair:5)
  2 two-headed ogres
  A tengu warrior (D:14)
  A sea snake (Snake:1)
  A naga ritualist (Snake:1)
  An orc knight (D:15)
  3 deep elf pyromancers
  2 wizards (D:14)
  A necromancer (D:15)
  7 ugly things
  3 mana vipers
  An oklob plant (Lair:4)
  3 cyclopes
  4 elephants
  2 manticores
  An orc sorcerer (Volcano)
  A guardian serpent (Snake:2)
  4 naga magi
  2 gargoyles
  A molten gargoyle (Lair:5)
  8 black mambas
  2 cane toads
  4 rime drakes
  An efreet (D:14)
  2 kobold demonologists (D:12)
  4 komodo dragons
  A tengu conjurer (D:13)
  4 trolls
  A polar bear (Lair:5)
  3 meliai
  5 blink frogs
  A blink frog (shapeshifter) (D:13)
  5 slime creatures
  5 dream sheep
  3 wraiths
  Sigmund (D:2)
  A spriggan (shapeshifter) (D:13)
  A shadow (D:9)
  A vampire (D:9)
  A water elemental (D:12)
  22 yaks
  2 basilisks
  A wyvern (D:10)
  A golden eye (shapeshifter) (D:15)
  3 vampire mosquitoes
  A warg (D:9)
  7 nagas
  2 acid dragons
  5 water moccasins
  2 hell hounds (Volcano)
  A black bear (shapeshifter) (D:14)
  4 orc warriors
  2 black bears (Lair:5)
  An ice beast (D:5)
  An ogre (D:4)
  10 centaurs
  12 wolves
  3 phantoms
  A kobold brigand (D:6)
  9 bullfrogs
  3 gnoll sergeants
  2 necrophages
  2 scorpions
  6 wights
  7 killer bees (D:8)
  A vampire bat (D:4)
  A howler monkey (D:5)
  8 electric eels
  8 hounds
  2 jellies
  Crazy Yiuf (D:2)
  4 orc priests
  Jessica (D:2)
  2 iguanas (D:5)
  6 orc wizards
  13 gnolls
  13 adders
  A shadow imp (D:7)
  2 white imps (D:6)
  2 worms
  3 dart slugs
  2 fire bats (D:4)
  21 orcs
  2 spectral bats (D:4)
  13 bats
  A bat skeleton (D:4)
  A bat zombie (D:4)
  9 endoplasms
  2 giant cockroaches
  7 goblins
  5 hobgoblins
  2 jackals (D:1)
  2 quokkas
  4 ball pythons
  A bat simulacrum (D:4)
  3 frilled lizards
  14 kobolds
  3 rats
386 creatures vanquished.

Vanquished Creatures (collateral kills)
  A fire dragon (D:15)
  2 hydras
  2 anacondas (Snake:1)
  3 catoblepae
  A dancing weapon (D:14)
  7 death yaks (Lair:5)
  A fire crab (shapeshifter) (D:14)
  2 naga ritualists
  A lindwurm (shapeshifter) (D:14)
  A wizard (D:14)
  A deep elf zephyrmancer (D:15)
  A lindwurm (Lair:5)
  A cyclops (D:15)
  An ugly thing (D:14)
  2 manticores (D:13)
  8 black mambas
  15 elephants
  2 centaur zombies (D:15)
  2 naga magi (Snake:1)
  A smoke demon (Volcano)
  4 cane toads
  A centaur skeleton (D:15)
  An unseen horror (D:12)
  A komodo dragon (Lair:5)
  2 rime drakes
  A tengu conjurer (D:14)
  A red devil (Volcano)
  2 trolls (D:11)
  3 meliai
  A wind drake (Lair:2)
  3 slime creatures
  2 blink frogs
  A meliai zombie (D:15)
  5 dream sheep
  2 wyverns
  11 yaks
  Grum (D:11)
  A vampire (D:11)
  A basilisk (shapeshifter) (D:15)
  3 basilisks
  A steam dragon (D:8)
  3 vampire mosquitoes
  An acid dragon (D:11)
  5 nagas
  6 water moccasins
  A hell hound (Volcano)
  A meliai simulacrum (D:15)
  A black bear (D:8)
  An ice beast (D:6)
  10 wolves
  10 centaurs
  4 bullfrogs
  An electric eel (Snake:1)
  A basilisk zombie (D:15)
  A gnoll zombie (D:11)
  A worm (D:2)
  A fire bat (D:4)
  2 orcs
  2 bat skeletons (D:4)
  3 kobolds (D:12)
  A bush (Lair:5)
  2 butterflies
161 creatures vanquished.

Vanquished Creatures (others)
  An ogre mage (D:11)
  An anaconda zombie (Snake:1)
  An ugly thing zombie (D:14)
  3 death yak zombies (Lair:5)
  A mana viper zombie (Snake:2)
  2 hydra zombies
  3 meliai zombies
  4 black mamba zombies
  A tengu zombie (D:14)
  A lindwurm zombie (D:14)
  A manticore zombie (D:11)
  3 dream sheep zombies (Lair:5)
  A blink frog zombie (Lair:2)
  A vampire mosquito zombie (D:14)
  2 water moccasin zombies (Lair:5)
  2 naga zombies (D:15)
  A yak zombie (Lair:5)
  6 wolf zombies
  7 centaur zombies
  A spectral electric eel (D:8)
  3 orc zombies
  63 fungi
  137 plants
246 creatures vanquished.

Grand Total: 793 creatures vanquished

Notes
Turn   | Place    | Note
-------+----------+-------------------------------------------
     0 | D:1      | porpoise the Demonspawn Gladiator began the quest for the
                  | Orb.
     0 | D:1      | Reached XP level 1. HP: 16/16 MP: 1/1
   185 | D:1      | Reached skill level 3 in Polearms
   195 | D:1      | Gained mutation: A weak demonic guardian rushes to your
                  | aid. [demonic ancestry]
   195 | D:1      | Reached XP level 2. HP: 20/22 MP: 2/2
   817 | D:2      | Reached XP level 3. HP: 15/28 MP: 3/3
   992 | D:2      | Found a runed translucent door.
   993 | D:2      | Noticed Crazy Yiuf
  1003 | D:2      | Killed Crazy Yiuf
  1004 | D:2      | Reached skill level 4 in Polearms
  1004 | D:2      | Reached XP level 4. HP: 33/35 MP: 4/4
  1040 | D:2      | Noticed Jessica
  1045 | D:2      | Killed Jessica
  1078 | D:2      | Noticed Sigmund
  1100 | D:2      | Killed Sigmund
  1101 | D:2      | Reached skill level 5 in Polearms
  1101 | D:2      | Gained mutation: You have a pair of small antennae on your
                  | head. [demonic ancestry]
  1101 | D:2      | Reached XP level 5. HP: 29/42 MP: 5/5
  1101 | D:2      | Gained mutation: You sometimes gain a little power by
                  | taking damage. [demonic ancestry]
  1101 | D:2      | Reached XP level 6. HP: 33/48 MP: 6/6
  2836 | D:4      | Reached skill level 6 in Polearms
  2868 | D:4      | Reached XP level 7. HP: 41/55 MP: 7/7
  3175 | D:4      | Learned a level 3 spell: Vhi's Electric Charge
  3343 | D:5      | Entered Level 5 of the Dungeon
  3584 | D:5      | Reached skill level 5 in Fighting
  3701 | D:5      | Reached skill level 7 in Polearms
  4259 | D:5      | Reached XP level 8. HP: 55/63 MP: 8/8
  4906 | D:6      | Reached skill level 8 in Polearms
  5855 | D:7      | Reached skill level 9 in Polearms
  5856 | D:7      | Noticed a troll
  5881 | D:7      | Killed a troll
  5882 | D:7      | Reached XP level 9. HP: 21/72 MP: 9/9
  6228 | D:7      | Found a staircase to the Ecumenical Temple.
  6544 | D:8      | Reached skill level 1 in Armour
  6936 | D:8      | Found an ornate altar of the Wu Jian Council.
  6936 | D:8      | Found an iron altar of Okawaru.
  6981 | D:8      | Found a staircase to the Lair.
  7241 | D:8      | Reached skill level 10 in Polearms
  8772 | D:9      | Found a staircase to the Orcish Mines.
  8794 | D:9      | Reached skill level 11 in Polearms
  8804 | D:9      | Found Pavina's Assorted Antiques.
  8941 | D:9      | Bought a cyan potion for 27 gold pieces
  8941 | D:9      | Bought a scroll labelled MAEVAUS JERGHE for 31 gold pieces
  8941 | D:9      | Bought 2 murky ruby potions for 55 gold pieces
  8941 | D:9      | Bought a scroll labelled FIDDIE QEZINK for 31 gold pieces
  8945 | D:9      | Identified a scroll of acquirement
  8945 | D:9      | Acquired the ring "Yrhe" {EV+4 Str+2}
  8986 | D:9      | Noticed a two-headed ogre
  8999 | D:9      | Killed a two-headed ogre
  9000 | D:9      | Gained mutation: You are partially covered in large bone
                  | plates. (SH +4) [demonic ancestry]
  9000 | D:9      | Reached XP level 10. HP: 55/79 MP: 10/10
  9424 | D:9      | Reached skill level 5 in Armour
  9880 | Temple   | Entered the Ecumenical Temple
 10078 | Temple   | Became a worshipper of Yredelemnul the Dark
 10138 | D:10     | Entered Level 10 of the Dungeon
 10143 | D:10     | Reached skill level 12 in Polearms
 10243 | D:10     | Reached * piety under Yredelemnul
 10314 | D:10     | Noticed Erica
 10328 | D:10     | Killed Erica
 10328 | D:10     | Reached ** piety under Yredelemnul
 10410 | D:10     | Reached *** piety under Yredelemnul
 11230 | Lair:1   | Entered Level 1 of the Lair of Beasts
 11230 | Lair:1   | Noticed a cane toad
 11239 | Lair:1   | Killed a cane toad
 11240 | Lair:1   | Reached skill level 13 in Polearms
 11240 | Lair:1   | Reached skill level 1 in Invocations
 11316 | Lair:1   | Gained mutation: You are mostly covered in large bone
                  | plates. (SH +6) [demonic ancestry]
 11316 | Lair:1   | Reached XP level 11. HP: 84/84 MP: 11/11
 11434 | Lair:1   | Noticed Fannar
 11452 | Lair:1   | Killed Fannar
 11611 | Lair:1   | Reached skill level 5 in Dodging
 11744 | Lair:1   | Reached **** piety under Yredelemnul
 11745 | Lair:1   | Reached skill level 1 in Shields
 11748 | Lair:1   | Reached ***** piety under Yredelemnul
 12353 | Lair:2   | Noticed a catoblepas
 12516 | Lair:2   | Found a staircase to the Shoals.
 12563 | Lair:2   | Reached skill level 5 in Invocations
 12573 | Lair:2   | Reached skill level 14 in Polearms
 12940 | Lair:2   | Killed a catoblepas
 12940 | Lair:2   | Enslaved a catoblepas
 13124 | Lair:2   | Gained mutation: A demonic guardian rushes to your aid.
                  | [demonic ancestry]
 13124 | Lair:2   | Reached XP level 12. HP: 91/92 MP: 17/17
 13766 | Lair:3   | Found a staircase to the Snake Pit.
 13845 | Lair:3   | Noticed a catoblepas
 13856 | Lair:3   | Killed a catoblepas
 13857 | Lair:3   | Reached skill level 5 in Shields
 14079 | Lair:3   | Reached skill level 1 in Evocations
 14347 | Lair:3   | Noticed Gastronok
 14361 | Lair:3   | Killed Gastronok
 14775 | Lair:4   | Found a dark tunnel.
 14787 | Volcano  | Entered a volcano
 15166 | Lair:4   | You fall into a shaft and drop 1 floor!
 15166 | Lair:5   | Entered Level 5 of the Lair of Beasts
 15203 | Lair:5   | Reached skill level 5 in Evocations
 15298 | Lair:5   | Reached skill level 1 in Long Blades
 15345 | Lair:5   | Reached skill level 10 in Fighting
 15367 | Lair:5   | Reached ****** piety under Yredelemnul
 15519 | Lair:5   | Noticed a death yak
 15521 | Lair:5   | Noticed a death yak
 15525 | Lair:5   | Noticed a death yak
 15528 | Lair:5   | Noticed a death yak
 15529 | Lair:5   | Noticed a death yak
 15534 | Lair:5   | Killed a death yak
 15547 | Lair:5   | Killed a death yak
 15548 | Lair:5   | Reached XP level 13. HP: 92/103 MP: 19/19
 16320 | Lair:5   | Reached skill level 10 in Invocations
 16992 | Lair:5   | Found the +7 Spriggan's Knife {stab, EV+4 Stlth+}
 17562 | Lair:4   | Found a viscous altar of Jiyva.
 17563 | Lair:4   | Found a staircase to the Slime Pits.
 17632 | Lair:4   | Reached skill level 1 in Stealth
 17860 | Lair:4   | Reached skill level 1 in Short Blades
 18059 | Lair:4   | Reached XP level 14. HP: 75/115 MP: 23/23
 19320 | D:11     | Noticed Grum
 19337 | D:11     | Killed Grum
 19458 | D:11     | Your ally Grum died
 19532 | D:11     | Found a transporter.
 19569 | D:11     | Noticed sirJeffrey23's ghost (journeyman FoFi)
 20022 | D:11     | Found a transporter.
 20030 | D:11     | You fall into a shaft and drop 3 floors!
 20074 | D:14     | Reached skill level 5 in Stealth
 20563 | D:14     | Reached skill level 5 in Short Blades
 20955 | D:14     | Found a gate to the Vaults.
 22030 | D:12     | Identified the +2 longbow "Zicahita" {antimagic, +Blink
                  | rPois}
 22449 | D:12     | Found Efefucidgh's Magic Scroll Boutique.
 22879 | D:12     | Bought a scroll of identify for 36 gold pieces
 22879 | D:12     | Bought a scroll of identify for 36 gold pieces
 22879 | D:12     | Bought a scroll of blinking for 135 gold pieces
 22879 | D:12     | Bought a scroll of identify for 36 gold pieces
 22879 | D:12     | Bought a scroll of identify for 36 gold pieces
 22980 | D:15     | Entered Level 15 of the Dungeon
 23059 | D:15     | Found an opulent altar of Gozag.
 23394 | D:15     | Upgraded the game from 0.30-a0-347-gf58ed5266c to
                  | 0.30-a0-354-g6b83867211
 23426 | D:15     | Reached XP level 15. HP: 100/120 MP: 24/24
 23557 | D:15     | Found a staircase to the Depths.
 24997 | Snake:1  | Entered Level 1 of the Snake Pit
 25308 | Snake:1  | Found Ocrirhergh's Book Shoppe.
 25309 | Snake:1  | Found Fyral's Jewellery Shop.
 25310 | Snake:1  | Found Vossefru's Book Shoppe.
 26948 | Snake:2  | Found Qaso Kitext's Magic Scroll Emporium.
 27060 | Snake:2  | Bought a scroll of fear for 64 gold pieces
 27265 | Snake:2  | HP: 7/180 [naga warrior/+0 battleaxe (21)]
 27265 | Snake:2  | HP: 1/180 [constriction (6)]
 27269 | Snake:2  | Slain by a salamander

Illustrated notes

Levels and vault maps discovered:
D:1:      erik_arrival_triangle_large, layout_loops_ring
D:2:      layout_basic, uniq_sigmund, uniq_crazy_yiuf_cottage, uniq_jessica
D:3:      layout_basic
D:4:      layout_basic, goddamned_bats
D:5:      layout_basic, nicolae_eternal_life, kennysheep_generic_room_16
D:6:      layout_cave_pools
D:7:      layout_basic, minmay_temple_entry_from_below_a
D:8:      layout_rooms, gammafunk_temple_overflow_claw, lair_entry_dummy,
          minivault_25, chequers_big_river
D:9:      layout_roguey, mainiacjoe_overflow_chevrons, david_orc_3,
          serial_shops, kennysheep_mini
D:10:     layout_long_grid, uniq_erica
D:11:     layout_rooms, nzn_ghost_randoct, uniq_grum
D:12:     layout_rooms, serial_shops, nicolae_inconvenience_store,
          portal_ice_cave_rime
D:13:     layout_rooms, chequers_serial_rivers_micro_c, minmay_puff
D:14:     layout_roguey, erik_vaults_1, nicolae_kite_square_tiling_tiny
D:15:     grunt_enter_depths_magical_seal, layout_basic, grunt_gozag_statues
Temple:   nicolae_temple_bog_church
Lair:1:   layout_regular_city, uniq_fannar
Lair:2:   layout_roguey, minmay_shoals_entry_beasts, lemuel_fruit_fields
Lair:3:   layout_gridlike, minmay_snake_entry_guardpost_small,
          hangedman_lair_unloving_vines, st_stairs_4,
          nicolae_lair_grove_arrangements, lemuel_fruit_tree, uniq_gastronok
Lair:4:   layout_regular_city, minmay_slime_entry_pillars, enter_volcano_1,
          lemuel_fruit_fields
Lair:5:   grunt_lair_end_beastmaster, layout_gridlike, lemuel_fruit_fields
Snake:1:  layout_chambers, minmay_shop_grove, grunt_megastairs_3,
          nicolae_triple_integral, serial_bayou_shore_a
Snake:2:  layout_grid_maze, serial_shops, shop, ebering_ghost_inner_flame

Skill      XL: |  1  2  3  4  5  6  7  8  9 10 11 12 13 14 15 |
---------------+----------------------------------------------+-----
Polearms       | 3 4 5 6 7 9 11 13 14 | 14.0
Fighting       | 3 4 5 7 10 12 | 12.0
Armour         | 4 5 7 |  7.0
Dodging        | 4 5 6 |  6.1
Invocations    | 1 7 9 12 | 12.0
Shields        | 4 5 6 |  6.2
Evocations     | 5 |  5.0
Long Blades    | 2 4 |  4.0
Stealth        | 2 8 9 |  9.1
Short Blades   | 2 7 9 |  9.0
Throwing       | |  1.7

Action                   |  1- 3 |  4- 6 |  7- 9 | 10-12 | 13-15 || total
-------------------------+-------+-------+-------+-------+-------++-------
Melee: Trident           |    89 |   221 |   491 |   562 |   473 ||  1836
       Punch             |       |     2 |     4 |       |       ||     6
       Knife             |       |       |       |       |   331 ||   331
 Fire: Sling             |     4 |       |     1 |     7 |       ||    12
Throw: Throwing net      |     2 |     4 |     1 |       |       ||     7
       Dart              |       |       |     6 |     5 |     2 ||    13
Invok: Bind Soul         |       |       |       |     1 |     2 ||     3
       Recall Undead Har |       |       |       |     3 |     1 ||     4
Evoke: Wand              |       |       |       |     3 |    10 ||    13
  Use: Potion            |       |     1 |     8 |     2 |     3 ||    14
       Scroll            |       |       |    15 |     5 |    12 ||    32
 Stab: Sleeping          |     4 |       |       |       |     6 ||    10
       Distracted        |       |       |       |     6 |    26 ||    32
       Petrified         |       |       |       |    68 |   116 ||   184
       Petrifying        |       |       |       |     1 |    20 ||    21
Armor: Leather armour    |    16 |       |       |       |       ||    16
       Scale mail        |     6 |   118 |   171 |    73 |   168 ||   536
Dodge: Dodged            |    42 |   121 |   234 |   173 |   412 ||   982
Block: Buckler           |       |       |    17 |   149 |   372 ||   538

Table legend: (Time is in decaauts)
 A = Elapsed time spent in this place.
 B = Non-inter-level travel time spent in this place.
 C = Inter-level travel time spent in this place.
 D = Time resting spent in this place.
 E = Time spent auto-exploring this place.
 F = Levels seen in this place.
 G = Mean time per level.
                   A        B        C        D        E       F      G
               +--------+--------+--------+--------+--------+-----+--------+
         Total |  29093 |  27178 |   1915 |   8621 |  13512 |  24 | 1212.2 |
       Dungeon |  17621 |  16346 |   1275 |   5430 |   7697 |  15 | 1174.7 |
        Temple |    222 |    177 |     45 |      0 |    160 |   1 |  222.0 |
          Lair |   7959 |   7392 |    567 |   2133 |   3943 |   5 | 1591.8 |
     Snake Pit |   2999 |   2973 |     26 |    991 |   1648 |   2 | 1499.5 |
       Volcano |    290 |    290 |      0 |     67 |     63 |   1 |  290.0 |
               +--------+--------+--------+--------+--------+-----+--------+

Top non-repeatable levels by time:
     D:8: 2739 daAuts
 Snake:1: 2692 daAuts
  Lair:5: 2517 daAuts
    D:15: 1862 daAuts
     D:9: 1613 daAuts
  Lair:4: 1576 daAuts
  Lair:2: 1514 daAuts
     D:5: 1447 daAuts
    D:14: 1344 daAuts
  Lair:1: 1326 daAuts
    D:10: 1158 daAuts
     D:4: 1054 daAuts
    D:11: 1050 daAuts
  Lair:3: 1025 daAuts
     D:6: 929 daAuts
